[Event "ONJK-C 2019"]
[Site "Borne"]
[Date "2019.08.10"]
[Round "9.10"]
[White "Yannopapas, Leontios"]
[Black "De Heij, Mees"]
[Result "1-0"]
[ECO "D00"]
[WhiteElo "1329"]
[BlackElo "1617"]
[Annotator "NA"]
[PlyCount "107"]
[EventDate "2019.08.05"]
[EventType "swiss"]
[EventCountry "NED"]
[SourceTitle "playchess.com"]
[Source "ChessBase"]
[SourceQuality "1"]
[TimeControl "5400+30"]

1. d4 d5 2. Nc3 Bf5 3. Bf4 Nc6 4. f3 Nf6 5. g4 Bg6 6. h4 h6 7. e3 e6 8. a3 a6 9. Bd3 Bxd3 10. Qxd3 Bd6 11. Nge2 Qd7 12. O-O-O O-O-O 13. Bxd6 Qxd6 14. Rhg1 Nd7 15. Ng3 Nb6 16. Kb1 Kb8 17. e4 dxe4 18. Qxe4 Nxd4 19. Nce2 c5 20. c3 Nc4 21. cxd4 Qb6 22. Qf4+ Rd6 23. Qc1 Qb5 24. dxc5 Rc6 25. Nd4 Qxc5 26. Nxc6+ bxc6 27. Qc3 Qb5 28. Qb4 Qxb4 29. axb4 Kc7 30. Rge1 Rb8 31. Kc2 Rxb4 32. Kc3 a5 33. Rd4 Nb6 34. Rxb4 Nd5+ 35. Kc4 axb4 36. Ne4 Nf4 37. g5 hxg5 38. Nxg5 Ng2 39. Rh1 Ne3+ 40. Kxb4 Nd5+ 41. Kc4 Ne3+ 42. Kd3 Nd5 43. Nxf7 Nf4+ 44. Ke3 Nd5+ 45. Ke4 Nf6+ 46. Ke5 Kd7 47. Ng5 Ke7 48. Rd1 Nd7+ 49. Rxd7+ Kxd7 50. Nxe6 g6 51. Nf8+ Ke7 52. Nxg6+ Kf7 53. Nf4 Kg7 54. Kd6 1-0

[Event "ONJK-C 2019"]
[Site "Borne"]
[Date "2019.08.10"]
[Round "9.11"]
[White "Molanus, Florian"]
[Black "Goudriaan, Rafael"]
[Result "0-1"]
[ECO "A51"]
[WhiteElo "1287"]
[BlackElo "1719"]
[Annotator "NA"]
[PlyCount "70"]
[EventDate "2019.08.05"]
[EventType "swiss"]
[EventCountry "NED"]
[SourceTitle "playchess.com"]
[Source "ChessBase"]
[SourceQuality "1"]
[TimeControl "5400+30"]

1. d4 Nf6 2. c4 e5 3. d5 c6 4. Nc3 Bb4 5. Qb3 Qa5 6. Bd2 cxd5 7. cxd5 d6 8. e4 Qb6 9. Be3 Qa5 10. Bd2 Nbd7 11. a3 Bxc3 12. Bxc3 Qb6 13. Qxb6 axb6 14. f3 Nc5 15. b4 Na4 16. Bd2 Bd7 17. Rc1 O-O 18. Bg5 Rfc8 19. Rxc8+ Rxc8 20. Bd2 b5 21. Ne2 Ne8 22. g4 Nc7 23. Nc1 Na8 24. Nb3 N8b6 25. Na5 Rc7 26. Kf2 Rc2 27. Ke3 Nb2 28. Nb3 N6c4+ 29. Bxc4 Nxc4+ 30. Kd3 Rb2 31. Na5 Rxd2+ 32. Kc3 Rf2 33. Nxc4 bxc4 34. Kxc4 Rxf3 35. b5 Rxa3 0-1

[Event "ONJK-C 2019"]
[Site "Borne"]
[Date "2019.08.10"]
[Round "9.12"]
[White "Boeren, Jurriaan"]
[Black "Vleming, Annabel"]
[Result "1-0"]
[ECO "B27"]
[WhiteElo "1522"]
[BlackElo "1334"]
[Annotator "NA"]
[PlyCount "27"]
[EventDate "2019.08.05"]
[EventType "swiss"]
[EventCountry "NED"]
[SourceTitle "playchess.com"]
[Source "ChessBase"]
[SourceQuality "1"]
[TimeControl "5400+30"]

1. e4 c5 2. Nf3 g6 3. d4 cxd4 4. Qxd4 Nf6 5. e5 Nc6 6. Qd3 Ng4 7. Bf4 Bg7 8. Qe4 O-O 9. h3 Qa5+ 10. Bd2 f5 11. Qc4+ d5 12. exd6+ e6 13. Bxa5 Nxa5 14. Qb5 1-0

[Event "ONJK-C 2019"]
[Site "Borne"]
[Date "2019.08.10"]
[Round "9.13"]
[White "Zoet, Jelle"]
[Black "Ang, Rufus"]
[Result "0-1"]
[ECO "C30"]
[WhiteElo "1042"]
[BlackElo "1498"]
[Annotator "NA"]
[PlyCount "40"]
[EventDate "2019.08.05"]
[EventType "swiss"]
[EventCountry "NED"]
[SourceTitle "playchess.com"]
[Source "ChessBase"]
[SourceQuality "1"]
[TimeControl "5400+30"]

1. e4 e5 2. f4 Nc6 3. Nf3 d6 4. Bc4 Nf6 5. Nc3 Bg4 6. O-O Qd7 7. Qe1 Bxf3 8. Rxf3 Nd4 9. Qd1 Nxf3+ 10. Qxf3 Qg4 11. fxe5 dxe5 12. Qe3 Bd6 13. Be2 Qh4 14. d3 Qe1+ 15. Bf1 Qh4 16. Bd2 Ng4 17. Qg3 Bc5+ 18. Be3 Bxe3+ 19. Kh1 Nf2+ 20. Kg1 Nxe4+ 0-1

[Event "ONJK-C 2019"]
[Site "Borne"]
[Date "2019.08.10"]
[Round "9.14"]
[White "Tiggelman, Vincent"]
[Black "Voorbergen, Milan"]
[Result "1-0"]
[ECO "C25"]
[WhiteElo "1358"]
[BlackElo "1410"]
[Annotator "NA"]
[PlyCount "58"]
[EventDate "2019.08.05"]
[EventType "swiss"]
[EventCountry "NED"]
[SourceTitle "playchess.com"]
[Source "ChessBase"]
[SourceQuality "1"]
[TimeControl "5400+30"]

1. e4 e5 2. Nc3 Bc5 3. Bc4 Nc6 4. d3 h6 5. Na4 Be7 6. Nc3 d6 7. Be3 Nf6 8. f4 Bg4 9. Nf3 exf4 10. Bxf4 Nd4 11. h3 Nxf3+ 12. gxf3 Bh5 13. Qe2 Qd7 14. Qg2 Rg8 15. O-O-O O-O-O 16. Rde1 Qc6 17. Qf2 Nd7 18. Be3 Nb6 19. Bb5 Qc5 20. Bxc5 dxc5 21. Nd5 Bg5+ 22. Kb1 Nxd5 23. exd5 Rxd5 24. f4 Rf5 25. Re4 Bg6 26. Rhe1 c6 27. Bc4 Rf6 28. Qg3 Bxe4 29. fxg5 Rd6 1-0